 Dungeon Crawl Stone Soup version 0.17.1-1-g73c8601 (webtiles) character file.

634 MirrMurr the Covert (level 7, -6/32 HPs)
             Began as a Spriggan Enchanter on Dec 21, 2015.
             Killed from afar by a green death (22 damage)
             ... with a poison arrow
             ... on level 1 of the Abyss.
             The game lasted 00:12:09 (4905 turns).

MirrMurr the Covert (Spriggan Enchanter)            Turns: 4905, Time: 00:12:09

Health: -6/32      AC: 11    Str:  4    XL:     7   Next: 24%
Magic:  16/16      EV: 17    Int: 19    God:
Gold:   259        SH:  7    Dex: 16    Spells: 4 memorised, 8 levels left

rFire  . . .     SeeInvis +     a - +2 dagger
rCold  . . .     Clarity  .     b - +2 robe
rNeg   . . .     SustAt   .     r - +2 buckler {AC+3}
rPois  .         Gourm    .     (helmet restricted)
rElec  .         Spirit   .     i - +0 cloak {MR+}
rCorr  .         Warding  .     (gloves unavailable)
rMut   .         Stasis   .     (boots unavailable)
MR     ++...                    (no amulet)
Stlth  ++++++....               (no ring)
                                t - +3 ring of protection

@: lethally poisoned (-6 -> -31), very quick, very resistant to hostile
enchantments, very stealthy
A: unfitting armour, see invisible, herbivore 3, speed 3, slow metabolism 2
a: no special abilities


You were on level 1 of the Abyss.
You were not hungry.

You visited 1 branch of the dungeon, and saw 5 of its levels.
You visited the Abyss 1 time.

You collected 259 gold pieces.

Inventory:

Hand Weapons
 a - a +2 dagger (weapon)
Missiles
 e - 113 stones (quivered)
 f - 12 poisoned needles
 k - 8 curare-tipped needles
 v - 7 needles of slowing
Armour
 b - a +2 robe (worn)
 i - a +0 cloak of magic resistance (worn)
 r - a +2 buckler of protection (worn)
 s - a +0 cloak
Jewellery
 t - a +3 ring of protection (left hand)
Wands
 l - a wand of slowing (48)
Scrolls
 g - 3 scrolls of teleportation
 h - a scroll of enchant armour
 u - 2 scrolls of recharging
Potions
 j - 2 potions of resistance
 m - a potion of invisibility
 n - a potion of flight
 o - a potion of cure mutation {unknown}
 p - a potion of cancellation {unknown}
 q - 2 potions of curing
 w - a potion of berserk rage {unknown}
 x - a potion of lignification {unknown}
Books
 c - a book of Maledictions

   Spells                             Type                      Level
   a - Corona                         Hexes                        1
   b - Ensorcelled Hibernation        Hexes/Ice                    2
   c - Confuse                        Hexes                        3
   d - Tukima's Dance                 Hexes                        3
   e - Dazzling Spray                 Conjuration/Hexes            3
Comestibles
 d - 3 bread rations


   Skills:
 - Level 1.1 Short Blades
 - Level 3.0 Dodging
 * Level 11.2 Stealth
 + Level 5.5 Spellcasting
 - Level 3.6 Hexes


You had 8 spell levels left.
You knew the following spells:

 Your Spells              Type           Power        Failure   Level  Hunger
a - Ensorcelled Hibernat  Hex/Ice        ##....       17%         2    None
b - Confuse               Hex            ###.....     14%         3    ##.....
c - Corona                Hex            ###....      4%          1    None
d - Dazzling Spray        Conj/Hex       ##......     30%         3    ##.....


Dungeon Overview and Level Annotations

Branches:
Dungeon (5/15)
 Temple: D:4-7

Altars:
Trog
Xom


Innate Abilities, Weirdness & Mutations

You are tiny and cannot use many weapons and most armour.
You have supernaturally acute eyesight.
You are a herbivore.
You cover ground extremely quickly.
You need consume almost no food.


Message History

i - a glowing cloak Wear which item? (? for menu, Esc to quit)
You start removing your armour.
You continue taking off your +0 cloak.
You continue taking off your +0 cloak. x3
You finish taking off your +0 cloak.
You start putting on your armour.
You continue putting on your glowing cloak. x5
You finish putting on your +0 cloak of magic resistance.
You feel resistant to hostile enchantments.
Found a shortbow.
An orange demon comes into view.
The orange demon screeches!
A smoke demon comes into view.
Found 14 arrows of flame.
A green death comes into view.
The green death roars!
The green death gestures at you. The poison arrow hits you!
You are lethally poisoned!
Ouch! That really hurt!
You die...

# . #.. # ..
....####.## .#
.. ##..##.#.# #
. .# . # #.#. #
# #.. #...#..# .
#..# #...# #
#.#.#####..#
##..#......#...#
#.....#.#@.#.# #
###...#..#.#..
#..#..###..
#..2.## #####
#....#.## ##.#
## #


You could see a green death.

Vanquished Creatures
  A phantom (D:4)
  An ogre (D:4)
  2 scorpions (D:4)
  A crimson imp (D:5)
  A giant frog skeleton (D:4)
  A gnoll shaman (D:5)
  An orc wizard (D:5)
  2 iguanas (D:4)
  Robin (D:3)
  9 adders
  3 gnolls
  An ooze (D:3)
  3 worms
  2 giant geckos
  7 orcs
  3 bats
  6 goblins
  11 hobgoblins
  6 kobolds
  2 quokkas
  A ball python (D:5)
  2 giant cockroaches
  5 giant newts
  5 jackals
  A jackal skeleton (D:4)
  6 rats
84 creatures vanquished.

Vanquished Creatures (collateral kills)
  A gnoll (D:4)
1 creature vanquished.

Grand Total: 85 creatures vanquished

Notes
Turn   | Place    | Note
--------------------------------------------------------------
     0 | D:1      | MirrMurr the Spriggan Enchanter began the quest for the Orb.
     0 | D:1      | Reached XP level 1. HP: 9/9 MP: 5/5
   237 | D:1      | Reached skill level 5 in Stealth
   298 | D:1      | Reached XP level 2. HP: 13/13 MP: 6/6
   302 | D:1      | Learned a level 2 spell: Ensorcelled Hibernation
  1214 | D:2      | Reached skill level 6 in Stealth
  1506 | D:2      | Reached XP level 3. HP: 16/16 MP: 6/8
  1511 | D:2      | Learned a level 3 spell: Confuse
  2189 | D:3      | Reached skill level 7 in Stealth
  2449 | D:3      | Noticed Robin
  2453 | D:3      | Killed Robin
  2453 | D:3      | Reached XP level 4. HP: 19/21 MP: 6/9
  2996 | D:3      | Learned a level 3 spell: Dazzling Spray
  3212 | D:4      | Reached skill level 8 in Stealth
  3212 | D:4      | Reached XP level 5. HP: 24/24 MP: 11/11
  3221 | D:4      | Reached skill level 9 in Stealth
  3538 | D:4      | Reached XP level 6. HP: 28/28 MP: 11/13
  3864 | D:4      | Found a shimmering altar of Xom.
  3971 | D:4      | Found a bloodstained altar of Trog.
  4045 | D:4      | Noticed an ogre
  4051 | D:4      | Killed an ogre
  4051 | D:4      | Reached skill level 10 in Stealth
  4148 | D:4      | Noticed a phantom
  4166 | D:4      | Killed a phantom
  4166 | D:4      | Reached skill level 5 in Spellcasting
  4268 | D:5      | Entered Level 5 of the Dungeon
  4312 | D:5      | Identified a scroll of acquirement
  4348 | D:5      | Reached XP level 7. HP: 26/32 MP: 11/15
  4545 | D:5      | Reached skill level 11 in Stealth
  4736 | D:5      | Cast into the Abyss (orc)
  4786 | Abyss:1  | Noticed a large abomination
  4848 | Abyss:1  | Noticed an orange demon
  4869 | Abyss:1  | Noticed a smoke demon
  4896 | Abyss:1  | Noticed a green death
  4905 | Abyss:1  | Killed from afar by a green death

Action                   |  1- 3 |  4- 6 |  7- 9 || total
-------------------------+-------+-------+-------++-------
Melee: Dagger            |   133 |   109 |    41 ||   283
 Cast: Ensorcelled Hiber |    11 |    20 |     8 ||    39
       Confuse           |       |     6 |       ||     6
       Dazzling Spray    |       |       |     1 ||     1
  Use: Scroll            |     5 |     8 |     4 ||    17
       Potion            |       |       |     1 ||     1
 Stab: Sleeping          |    18 |    18 |     6 ||    42
       Distracted        |     1 |       |       ||     1
       Confused          |       |     3 |       ||     3
  Eat: Bread ration      |       |     1 |       ||     1
